 Dungeon Crawl Stone Soup version 0.32-a0-132-g2d33c3cfaf (webtiles) character file.

Game seed: 17553180779864532855

7273 Dittersdorf the Fighter (level 11, -5/72 HPs)
             Began as a Gargoyle Fighter on Feb 9, 2024.
             Was an Initiate of Gozag.
             Slain by a komodo dragon (23 damage)
             ... on level 9 of the Dungeon.
             The game lasted 00:11:08 (10281 turns).

Dittersdorf the Fighter (Gargoyle Fighter)         Turns: 10281, Time: 00:11:09

Health: -5/72      AC: 17    Str: 24    XL:     11   Next: 12%
Magic:  11/11      EV: 15    Int:  9    God:    Gozag
Gold:   1492       SH:  7    Dex:  9    Spells: 10/10 levels left

rFire   . . .        a - +0 flail
rCold   + + .        c - +1 buckler
rNeg    + . .        A - +1 ring mail {rC+}
rPois   ∞            (no helmet)
rElec   +            o - +0 cloak
rCorr   .            (no gloves)
SInv    .            (no boots)
Will    .....        (no amulet) Stlth
                     e - +5 ring of evasion
HPRegen 0.32/turn    b - ring of protection from cold
MPRegen 0.12/turn

%: no passive effects
@: no status effects
A: sickness immunity, AC +8, negative energy resistance 1, electricity
resistance, torment resistance 1, petrification resistance
a: Renounce Religion, Potion Petition, Call Merchant, Bribe Branch


You were on level 9 of the Dungeon.
You worshipped Gozag.
Gozag was most pleased with you.
You visited 2 branches of the dungeon, and saw 10 of its levels.
You also visited: Ossuary.

You collected 1551 gold pieces.
You paid 59 gold pieces to Gozag.

Inventory:

Hand Weapons
 a - a +0 flail (weapon)
Missiles
 j - 4 curare-tipped darts (quivered)
Armour
 c - a +1 buckler (worn)
 o - a +0 cloak (worn)
 A - a +1 ring mail of cold resistance (worn)
Jewellery
 b - a ring of protection from cold (right hand)
 e - a +5 ring of evasion (left hand)
 m - a ring of positive energy
 C - a ring of willpower
Wands
 x - a wand of roots (19)
Scrolls
 i - a scroll of revelation
 k - a scroll of poison
 n - 5 scrolls of teleportation
 r - 2 scrolls of blinking
 s - 3 scrolls of fog
 t - a scroll of enchant armour
Potions
 d - a potion of might
 f - a potion of brilliance
 g - 2 potions of magic
 h - 6 potions of curing
 l - 3 potions of haste
 p - 2 potions of heal wounds
 q - a potion of mutation
 u - a potion of enlightenment
 v - a potion of ambrosia
 w - a potion of attraction
Miscellaneous
 y - a phantom mirror
 z - a box of beasts
 B - a phial of floods


   Skills:
 + Level 9.9 Fighting
 + Level 8.6 Maces & Flails
 + Level 9.9 Armour
 + Level 9.8 Shields


You had 10 spell levels left.
You didn't know any spells.
Your spell library contained the following spells:

 Spells                   Type           Power      Damage    Failure   Level
 Lesser Beckoning         Tloc           0%         N/A       69%         2
 Scorch                   Fire           0%         2d5       69%         2
 Gell's Gravitas          Tloc           0%         N/A       89%         3
 Hailstorm                Conj/Ice       0%         3d5       89%         3
 Stone Arrow              Conj/Erth      0%         3d7       89%         3
 Summon Ice Beast         Ice/Summ       0%         N/A       89%         3
 Teleport Other           Tloc           0%         N/A       89%         3
 Animate Armour           Summ/Erth      0%         N/A       100%        4
 Cause Fear               Hex            0%         N/A       100%        4
 Sticky Flame             Fire/Alch      0%         2d4       100%        4
 Vhi's Electric Charge    Tloc/Air       0%         N/A       100%        4
 Arcjolt                  Conj/Air       0%         1d10      100%        5
 Fireball                 Conj/Fire      0%         3d3       100%        5
 Summon Mana Viper        Hex/Summ       0%         N/A       100%        5
 Plasma Beam              Fire/Air       0%         2x1d10    100%        6
 Sculpt Simulacrum        Ice/Alch       0%         N/A       100%        6
 Monstrous Menagerie      Summ           0%         N/A       100%        7
 Borgnjor's Revivificati  Necr           0%         N/A       100%        8
 Lehudib's Crystal Spear  Conj/Erth      0%         10d2      100%        8
 Dragon's Call            Summ           0%         N/A       100%        9
 Sublimation of Blood     Necr           Unusable   N/A       N/A         2

Dungeon Overview and Level Annotations

Branches:
Dungeon (9/15)             Temple (1/1) D:4         Ossuary (visited)
   Lair: D:8-11         Orc: D:9-12

Altars:
Ashenzari
Dithmenos
Elyvilon
Fedhas
Gozag
Hepliaklqana
Kikubaaqudgha
Makhleb
Nemelex Xobeh
Okawaru
Qazlal
Ru
Sif Muna
Uskayaw
Vehumet
Wu Jian
Xom
Yredelemnul
Zin
The Shining One


Innate Abilities, Weirdness & Mutations

You are immune to sickness and miasma.
Your stone body is resilient. (AC +8)
You are immune to poison.
You resist negative energy. (rN+)
You are resistant to electric shocks. (rElec)
You are resistant to unholy torment.
You are immune to petrification.


Message History

You hit the komodo dragon.
The komodo dragon is moderately wounded.
You block the gnoll's attack. The komodo dragon bites you.
You barely miss the komodo dragon.
The komodo dragon is moderately wounded.
The gnoll closely misses you. The komodo dragon barely misses you.
You hit the komodo dragon.
The komodo dragon is heavily wounded.
You block the gnoll's attack.
A gnoll comes into view. It is wielding a +0 spear.
The komodo dragon bites you.
You sock the komodo dragon!
The komodo dragon is heavily wounded.
The gnoll hits you from afar with a +0 spear!
The komodo dragon bites you!
A gnoll bouda comes into view. It is wielding a +0 whip.
The gnoll barely misses you.
You are too injured to fight recklessly!
You are too injured to fight recklessly!
You are too injured to fight recklessly!
You are too injured to fight recklessly!
You are too injured to fight recklessly!
You are too injured to fight recklessly!
You are too injured to fight recklessly!
You are too injured to fight recklessly!
You are too injured to fight recklessly!
You are too injured to fight recklessly!
You are too injured to fight recklessly!
You are too injured to fight recklessly!
You are too injured to fight recklessly!
You are too injured to fight recklessly!
You are too injured to fight recklessly!
You are too injured to fight recklessly!
The komodo dragon attacks as it pursues you!
The komodo dragon bites you!
* * * LOW HITPOINT WARNING * * *
The komodo dragon attacks as it pursues you!
The komodo dragon bites you!!
You die...
Your body crumbles into a pile of gold.

#.# ### #.. ..# #####
#.#######.# #...# #.#..
..#.# #.#.#
##.#.###.#.####.#.#
######..#.#...#...#<.#.#
.......|#.#.#...#.####.#
..g..ggg.l@......>...#.#
....#.###.#.#.###.##.#.#
. # #.#.#.....#....#
#.#.#####.###### #.#..
#.# #.### #.# #.# ..#
#.# #.


You could see a komodo dragon and 3 gnolls.

Vanquished Creatures
  2 two-headed ogres (D:7)
  Pikel (D:3)
  A gargoyle (D:7)
  A troll (D:7)
  Grinder (D:3)
  2 slime creatures (D:7)
  2 wyverns (D:7)
  6 yaks
  2 vampire mosquitoes (D:7)
  Menkaure (D:4)
  A water moccasin (D:6)
  2 orc warriors (D:8)
  A sky beast (D:7)
  3 black bears
  An ice beast (D:7)
  2 boggarts (D:7)
  A centaur (D:6)
  A phantom (D:7)
  4 lemures
  3 kobold brigands
  An elf zombie (Ossuary)
  2 weeping skulls (Ossuary)
  2 bullfrogs
  3 scorpions
  5 wights
  5 bombardier beetles
  2 human zombies (Ossuary)
  8 hounds
  An orc priest (D:8)
  2 jellies
  2 sleepcaps
  6 iguanas
  4 orc wizards
  2 mummies (Ossuary)
  A howler monkey zombie (Ossuary)
  10 adders
  3 gnolls (D:5)
  A shadow imp (D:6)
  3 white imps
  3 ribbon worms (D:2)
  18 orcs
  3 bats
  4 endoplasms
  2 giant cockroaches
  8 goblins
  4 hobgoblins
  4 jackals (D:1)
  5 quokkas
  5 ball pythons
  4 frilled lizards
  19 kobolds
  A kobold zombie (Ossuary)
  5 rats
186 creatures vanquished.

Notes
Turn   | Place    | Note
-------+----------+-------------------------------------------
     0 | D:1      | Dittersdorf the Gargoyle Fighter began the quest for the
                  | Orb.
     0 | D:1      | Reached XP level 1. HP: 14/14 MP: 1/1
    56 | D:1      | Reached XP level 2. HP: 17/19 MP: 2/2
   263 | D:1      | Reached XP level 3. HP: 18/24 MP: 3/3
   794 | D:2      | Got the Tome of Bloody Burning
  1089 | D:2      | Reached XP level 4. HP: 29/29 MP: 4/4
  1644 | D:3      | Found a sparkling altar of Nemelex Xobeh.
  1724 | D:3      | Noticed Grinder
  1733 | D:3      | Paralysed by Grinder for 2 turns
  1746 | D:3      | Killed Grinder
  1747 | D:3      | Reached XP level 5. HP: 8/34 MP: 5/5
  1747 | D:3      | Reached XP level 6. HP: 10/39 MP: 6/6
  1986 | D:3      | Found a faded altar of an unknown god.
  2060 | D:3      | Found a burning altar of Makhleb.
  2647 | D:4      | Reached skill level 5 in Fighting
  2647 | D:4      | Reached skill level 5 in Armour
  2783 | D:4      | Noticed Pikel
  3074 | D:3      | Reached skill level 5 in Shields
  3074 | D:3      | Reached XP level 7. HP: 8/44 MP: 7/7
  3077 | D:3      | Killed Pikel
  3078 | D:3      | Reached XP level 8. HP: 6/51 MP: 8/8
  3384 | D:4      | Reached skill level 5 in Maces & Flails
  3572 | D:4      | Found a staircase to the Ecumenical Temple.
  3583 | Temple   | Entered the Ecumenical Temple
  3598 | Temple   | Became a worshipper of Gozag Ym Sagoz the Greedy
  3766 | D:4      | Noticed Menkaure
  3778 | D:4      | Killed Menkaure
  4456 | D:5      | Entered Level 5 of the Dungeon
  4456 | D:5      | Found a radiant altar of Vehumet.
  4572 | D:5      | Noticed a yak
  4572 | D:5      | Noticed a yak
  4572 | D:5      | Noticed a yak
  4573 | D:5      | Noticed a yak
  4609 | D:4      | Killed a yak
  4670 | D:4      | Killed a yak
  4671 | D:4      | Reached XP level 9. HP: 42/56 MP: 9/9
  4878 | D:5      | Found a hide-covered altar of Uskayaw.
  6232 | D:6      | Found a sand-covered staircase.
  6241 | Ossuary  | Entered an ossuary
  6241 | Ossuary  | Found a huge runed translucent gate.
  6241 | Ossuary  | Found a huge runed translucent gate.
  6241 | Ossuary  | Found a huge runed translucent gate.
  6241 | Ossuary  | Found a huge runed translucent gate.
  6241 | Ossuary  | Found a huge runed translucent gate.
  6241 | Ossuary  | Found a huge runed translucent gate.
  6241 | Ossuary  | Found a huge runed translucent gate.
  6241 | Ossuary  | Found a huge runed translucent gate.
  6241 | Ossuary  | Found a huge runed translucent gate.
  6251 | Ossuary  | Found a huge runed translucent gate.
  6251 | Ossuary  | Found a huge runed translucent gate.
  6252 | Ossuary  | Found a huge runed translucent gate.
  6252 | Ossuary  | Found a huge runed translucent gate.
  6254 | Ossuary  | Found a huge runed translucent gate.
  6254 | Ossuary  | Found a huge runed translucent gate.
  6375 | Ossuary  | Found a huge runed translucent gate.
  6375 | Ossuary  | Found a huge runed translucent gate.
  6375 | Ossuary  | Found a huge runed translucent gate.
  6375 | Ossuary  | Found a huge runed translucent gate.
  6375 | Ossuary  | Found a huge runed translucent gate.
  6376 | Ossuary  | Found a huge runed translucent gate.
  6377 | Ossuary  | Found a huge runed translucent gate.
  6378 | Ossuary  | Found a huge runed translucent gate.
  6378 | Ossuary  | Found a huge runed translucent gate.
  6379 | Ossuary  | Found a huge runed translucent gate.
  6379 | Ossuary  | Found a huge runed translucent gate.
  6380 | Ossuary  | Found a huge runed translucent gate.
  6380 | Ossuary  | Found a huge runed translucent gate.
  6389 | Ossuary  | Found a huge runed translucent gate.
  6391 | Ossuary  | Found a huge runed translucent gate.
  6391 | Ossuary  | Found a huge runed translucent gate.
  6391 | Ossuary  | Found a huge runed translucent gate.
  6391 | Ossuary  | Found a huge runed translucent gate.
  6393 | Ossuary  | Found a huge runed translucent gate.
  6393 | Ossuary  | Found a huge runed translucent gate.
  7714 | D:7      | Reached XP level 10. HP: 61/64 MP: 10/10
  8154 | D:7      | Noticed a two-headed ogre
  8154 | D:7      | Noticed a two-headed ogre
  8168 | D:7      | Killed a two-headed ogre
  8172 | D:7      | Killed a two-headed ogre
  8550 | D:7      | Noticed a gargoyle
  8572 | D:7      | Killed a gargoyle
  8573 | D:7      | Reached XP level 11. HP: 7/72 MP: 11/11
  9591 | D:8      | Found an iron altar of Okawaru.
  9932 | D:8      | Found a broken altar of Ashenzari.
 10281 | D:9      | Slain by a komodo dragon

Illustrated notes

Levels and vault maps discovered:
D:1:      mrwooster_arrival_statue, layout_rooms, hex_large,
          kennysheep_another_room
D:2:      layout_basic
D:3:      layout_loops_ring, lightli_temple_of_fire,
          mainiacjoe_overflow_tiny_flanked, nicolae_ecumenical_lake_church,
          uniq_grinder
D:4:      layout_basic, minmay_temple_entry_ruins,
          corexii_item_surrounded_by_moat, grunt_tough_drop, uniq_pikel,
          uniq_menkaure
D:5:      layout_layer_cave, mainiacjoe_overflow_large_starburst
D:6:      layout_gridville, serial_glass, glass_columns_b, glass_columns_a,
          enter_ossuary_1, hangedman_decor_clover_reticule, grunt_decor_fettered
D:7:      minmay_the_grid_four_pointed_star
          [minmay_the_grid_triangle_9x9_checkered,
          minmay_the_grid_triangle_9x9_thin_v,
          minmay_the_grid_triangle_9x9_shrine,
          minmay_the_grid_triangle_9x9_empty, minmay_the_grid_prize_trominoes],
          layout_cave_pools, nicolae_phantomly_mirrored
D:8:      layout_loops_corners, lemuel_doored_altar, okawaru_trees_2,
          dreamdust_princess_bridge
D:9:      layout_basic, chei_slow_surprise, serial_shops,
          nicolae_shop_back_alley_shop, ebering_ghost_funeral_grove
Temple:   compressed_dpeg_circular_temple

Skill      XL: |  1  2  3  4  5  6  7  8  9 10 |
---------------+-------------------------------+-----
Armour         | 4 5 7 8 9 |  9.9
Fighting       | 4 5 6 8 9 |  9.9
Shields        | 4 5 6 8 9 |  9.8
Maces & Flails | 3 4 5 7 8 |  8.6

Action                     |  1- 3 |  4- 6 |  7- 9 | 10-12 || total
---------------------------+-------+-------+-------+-------++-------
  Melee: Flail             |    99 |   192 |   427 |   354 ||  1072
  Throw: Dart              |       |     2 |     1 |       ||     3
  Evoke: Wand              |       |       |       |    10 ||    10
    Use: Scroll            |       |       |    17 |     1 ||    18
   Stab: Distracted        |       |       |       |     2 ||     2
 Armour: Scale mail        |    89 |   141 |   266 |       ||   496
         Chain mail        |       |       |    38 |    59 ||    97
         Ring mail         |       |       |       |   129 ||   129
  Dodge: Dodged            |    56 |    87 |   278 |   197 ||   618
  Block: Buckler           |    28 |    46 |   137 |   109 ||   320

Table legend: (Time is in decaauts)
 A = Elapsed time spent in this place.
 B = Non-inter-level travel time spent in this place.
 C = Inter-level travel time spent in this place.
 D = Time resting spent in this place.
 E = Time spent auto-exploring this place.
 F = Levels seen in this place.
 G = Mean time per level.
                   A        B        C        D        E       F      G
               +--------+--------+--------+--------+--------+-----+--------+
         Total |  10433 |  10127 |    306 |   1999 |   5904 |  11 |  948.5 |
       Dungeon |  10092 |   9814 |    278 |   1887 |   5854 |   9 | 1121.3 |
        Temple |     30 |      2 |     28 |      0 |      0 |   1 |   30.0 |
       Ossuary |    309 |    309 |      0 |    112 |     50 |   1 |  309.0 |
               +--------+--------+--------+--------+--------+-----+--------+

Top non-repeatable levels by time:
     D:4: 1705 daAuts
     D:5: 1704 daAuts
     D:7: 1593 daAuts
     D:3: 1485 daAuts
     D:8: 1073 daAuts
     D:6: 935 daAuts
     D:2: 880 daAuts
     D:1: 673 daAuts
 Ossuary: 309 daAuts
     D:9: 40 daAuts
  Temple: 30 daAuts
